 Dungeon Crawl Stone Soup version 0.31-a0-960-g0fca184906 (webtiles) character file.

Game seed: 5636983789240182066

8047 Gladio the Carver (level 11, -5/59 (68) HPs)
             Began as a Tengu Fighter on Oct 23, 2023.
             Was a Believer of Dithmenos.
             Killed from afar by Josephine (13 damage)
             ... with a ghostly fireball
             ... on level 10 of the Dungeon.
             The game lasted 00:16:56 (9656 turns).

Gladio the Carver (Tengu Fighter)                   Turns: 9656, Time: 00:16:56

HP:   -5/59 (68)    AC: 10    Str: 18    XL:     11   Next: 24%
MP:   18/18         EV: 20    Int:  8    God:    Dithmenos [**....]
Gold: 532           SH:  6    Dex: 17    Spells: 18/18 levels left

rFire   + . .        M - +4 scimitar
rCold   . . .        c - +0 buckler
rNeg    . . .        a - +0 steam dragon scales
rPois   .            (helmet restricted)
rElec   .            n - +2 cloak
rCorr   .            O - +0 pair of gloves
SInv    .            (boots unavailable)
Will    .....        (no amulet)
Stlth   ++           f - ring of protection from fire
HPRegen 0.29/turn    (no ring)
MPRegen 0.16/turn

%: acrobat
@: flying, wreathed by umbra, heavily drained
A: beak, talons 3, evasive flight, acrobatic
a: Renounce Religion, Shadow Step


You were on level 10 of the Dungeon.
You worshipped Dithmenos.
Dithmenos was pleased with you.
You visited 2 branches of the dungeon, and saw 11 of its levels.

You collected 532 gold pieces.

Inventory:

Hand Weapons
 M - a +4 scimitar (weapon)
Missiles
 z - 3 darts of dispersal
 H - 11 poisoned darts (quivered)
 J - a throwing net
Armour
 a - +0 steam dragon scales (worn)
 b - a +0 scale mail
 c - a +0 buckler (worn)
 d - a +1 leather armour of willpower
 n - a +2 cloak (worn)
 t - a +0 ring mail
 O - a +0 pair of gloves (worn)
Jewellery
 f - a ring of protection from fire (left hand)
 A - a ring of fire
 K - a ring of wizardry
Talismans
 B - a beast talisman
Wands
 y - a wand of paralysis (12)
 D - a wand of light (13)
 L - a wand of roots (8)
Scrolls
 e - a scroll of noise {unknown}
 g - 2 scrolls of butterflies
 j - 5 scrolls of immolation
 l - a scroll of amnesia
 o - a scroll of acquirement {unknown}
 q - 3 scrolls of teleportation
 r - a scroll of enchant armour {unknown}
 s - 3 scrolls of fog
 u - a scroll of torment {unknown}
 v - a scroll of poison {unknown}
 x - a scroll of vulnerability
 C - 3 scrolls of silence
 E - a scroll of revelation {unknown}
 F - a scroll of enchant weapon {unknown}
Potions
 h - a potion of attraction {unknown}
 i - a potion of heal wounds
 k - 3 potions of curing
 m - a potion of magic {unknown}
 p - a potion of enlightenment {unknown}
 w - a potion of haste {unknown}
 G - a potion of degeneration {unknown}
 I - a potion of cancellation
 N - a potion of berserk rage {unknown}


   Skills:
 + Level 8.1 Fighting
 * Level 11.6 Long Blades
 - Level 4.0 Armour
 + Level 7.7 Dodging
 + Level 7.8 Shields
 + Level 4.1 Spellcasting


You had 18 spell levels left.
You didn't know any spells.
Your spell library contained the following spells:

 Spells                   Type           Power      Damage    Failure   Level
 Magic Dart               Conj           4%         1d3       34%         1
 Necrotise                Necr           4%         1d4       34%         1
 Blink                    Tloc           2%         N/A       45%         2
 Searing Ray              Conj           2%         2d4       45%         2
 Static Discharge         Conj/Air       2%         3-4/arc   45%         2
 Gell's Gravitas          Tloc           1%         N/A       71%         3
 Inner Flame              Hex/Fire       1%         N/A       71%         3
 Teleport Other           Tloc           1%         N/A       71%         3
 Tukima's Dance           Hex            1%         N/A       71%         3
 Vampiric Draining        Necr           1%         2d6       71%         3
 Airstrike                Air            0%         2d(1-17)  98%         4
 Dimensional Bullseye     Hex/Tloc       0%         N/A       98%         4
 Flame Wave               Conj/Fire      1%         2d4       98%         4
 Fulminant Prism          Conj/Hex       0%         3d5       98%         4
 Iskenderun's Mystic Bla  Conj/Tloc      1%         2d3       98%         4
 Manifold Assault         Tloc           1%         N/A       98%         4
 Olgreb's Toxic Radiance  Pois           1%         N/A       98%         4
 Sticky Flame             Conj/Fire      1%         2d3       98%         4
 Summon Lightning Spire   Summ/Air       1%         N/A       98%         4
 Agony                    Necr           1%         N/A       100%        5
 Dispersal                Tloc           0%         N/A       100%        6
 Discord                  Hex            0%         N/A       100%        8
 Ignition                 Fire           0%         3d3       100%        8
 Chain Lightning          Conj/Air       0%         2d1       100%        9
 Fire Storm               Conj/Fire      0%         6d1       100%        9
 Shatter                  Erth           0%         3d5*      100%        9


Dungeon Overview and Level Annotations

Branches:
Dungeon (10/15)            Temple (1/1) D:5             Orc (0/2) D:9
   Lair: D:8-11

Altars:
Ashenzari
Cheibriados
Dithmenos
Elyvilon
Fedhas
Gozag
Hepliaklqana
Kikubaaqudgha
Makhleb
Nemelex Xobeh
Okawaru
Qazlal
Ru
Sif Muna
Trog
Uskayaw
Vehumet
Wu Jian
Xom
Yredelemnul
Zin
The Shining One

Shops:
D:1 *   D:3 (   D:4 *!   D:7 *

Annotations:
D:10 Josephine


Innate Abilities, Weirdness & Mutations

You have a beak for a mouth.
You have claws for feet.
Your magical flight helps you evade attacks. (EV +4)
You can magically evade attacks while moving or waiting.


Message History

Josephine hits you but does no damage.
You closely miss Josephine.
Josephine is severely wounded.
Josephine grins malevolently.
Josephine misses you.
You closely miss Josephine. You peck Josephine.
Josephine is severely wounded.
Josephine points at you and mumbles some strange words.
The ghostly flame explodes!
The ghostly fireball engulfs you!!!
You feel drained.
Ouch! That really hurt!
* * * LOW HITPOINT WARNING * * *
The ghostly fireball engulfs Josephine.
Josephine completely resists.
You feel much better. Josephine draws life force from you!!
* * * LOW HITPOINT WARNING * * *
Josephine is healed by the life force!
Unknown command.
You closely miss Josephine. You claw Josephine, but do no damage.
You peck Josephine.
Josephine is heavily wounded.
You barely miss Josephine.
Josephine is heavily wounded.
Josephine hits you but does no damage.
Aiming: Bolt of Light
Press: ? - help, Q - select action, (/) - cycle Shift-Dir - straight line, f - wraith
Aim: a wraith (71% to hit)
The bolt of light hits Josephine!
Josephine is severely wounded.
Josephine is blinded.
The bolt of light hits the wraith!
The wraith is moderately damaged.
The bolt of light hits the wraith!
The wraith is heavily damaged.
Josephine hits you with a +0 dagger.
* * * LOW HITPOINT WARNING * * *
You catch the helpless Josephine completely off-guard!
You slice Josephine!! You claw Josephine.
Josephine is almost dead.
Josephine points at you and mumbles some strange words.
The ghostly flame explodes!
The ghostly fireball engulfs you!
You feel drained.
You die... #### #######.#### ....##.<......#. ....#..###.... #..#.## #..# ### ###..#.# #.## #WW

.......##
##..###@#
.##..#..###....#@#
.....#..........##
.###.######...###
.. ##.## ## #.#
#.# #+#


You could see Josephine (blind) and 2 wraiths.

Vanquished Creatures
  A two-headed ogre (D:8)
  Pikel (D:8)
  A wyvern (D:9)
  9 yaks
  2 wraiths (D:10)
  3 steam dragons
  3 wargs (D:9)
  2 water moccasins
  A black bear (D:4)
  An orc warrior (D:9)
  3 ice beasts
  Pargi (D:3)
  4 sky beasts
  2 ogres
  A lemure (D:8)
  2 phantoms
  2 kobold brigands
  4 scorpions
  4 bullfrogs
  14 wights
  13 killer bees
  4 electric eels (D:9)
  3 howler monkeys
  2 hounds
  4 jellies
  4 orc priests
  2 sleepcaps
  6 orc wizards
  4 iguanas
  Robin (D:3)
  11 adders
  7 gnolls
  A shadow imp (D:6)
  3 worms
  A dart slug (D:1)
  13 orcs
  5 endoplasms
  5 giant cockroaches
  14 goblins
  9 hobgoblins
  8 jackals
  13 kobolds
  4 quokkas
  7 ball pythons
  4 bats
  3 frilled lizards
  5 rats
217 creatures vanquished.

Vanquished Creatures (others)
  An orc wizard (D:7)
1 creature vanquished.

Grand Total: 218 creatures vanquished

Notes
Turn   | Place    | Note
-------+----------+-------------------------------------------
     0 | D:1      | Gladio the Tengu Fighter began the quest for the Orb.
     0 | D:1      | Reached XP level 1. HP: 14/14 MP: 2/2
   104 | D:1      | Found Raquvif's Assorted Antiques.
   187 | D:1      | Reached XP level 2. HP: 19/19 MP: 3/3
   287 | D:1      | Reached XP level 3. HP: 19/23 MP: 4/4
   446 | D:1      | Reached skill level 3 in Long Blades
   893 | D:2      | Reached XP level 4. HP: 25/28 MP: 5/5
  1332 | D:2      | Reached XP level 5. HP: 20/32 MP: 6/6
  1624 | D:3      | Noticed Pargi
  1629 | D:3      | Killed Pargi
  1630 | D:3      | Reached skill level 4 in Long Blades
  1630 | D:3      | Reached skill level 1 in Dodging
  1633 | D:3      | Found Jogomie's Antique Weapon Shop.
  1683 | D:3      | Reached XP level 6. HP: 38/38 MP: 7/7
  1868 | D:3      | Noticed an ice beast
  1880 | D:3      | Killed an ice beast
  1996 | D:3      | Reached skill level 5 in Long Blades
  2272 | D:3      | Found a faded altar of an unknown god.
  2303 | D:3      | Noticed Robin
  2311 | D:3      | Killed Robin
  2479 | D:4      | Gained mutation: Your magical flight helps you evade
                  | attacks. (EV +4) [Tengu growth]
  2479 | D:4      | Reached XP level 7. HP: 40/43 MP: 8/8
  2624 | D:4      | Found Ogyl's Distillery.
  2656 | D:4      | Found a stormy altar of Qazlal.
  2860 | D:4      | Found an opulent altar of Gozag.
  2862 | D:4      | Found Gozag's Platinum Reserve.
  2960 | D:4      | Reached skill level 6 in Long Blades
  3217 | D:5      | Entered Level 5 of the Dungeon
  3259 | D:5      | Found a staircase to the Ecumenical Temple.
  3295 | D:4      | Reached XP level 8. HP: 12/48 MP: 9/9
  3428 | D:5      | Reached skill level 5 in Shields
  3451 | D:4      | Reached skill level 5 in Fighting
  3580 | Temple   | Entered the Ecumenical Temple
  3594 | Temple   | Became a worshipper of Dithmenos the Shadowed
  3902 | D:5      | Reached skill level 7 in Long Blades
  5267 | D:6      | Found a glowing golden altar of the Shining One.
  5493 | D:6      | Reached skill level 8 in Long Blades
  5493 | D:6      | Reached XP level 9. HP: 46/55 MP: 10/10
  6058 | D:6      | Found a sparkling altar of Nemelex Xobeh.
  6058 | D:6      | Found a sacrificial altar of Ru.
  6184 | D:7      | Found Lapryici's General Store.
  6216 | D:7      | Reached skill level 5 in Dodging
  6857 | D:6      | Reached * piety under Dithmenos
  6858 | D:6      | Reached skill level 9 in Long Blades
  6942 | D:7      | Reached skill level 1 in Spellcasting
  7132 | D:7      | Found a hazy altar of Hepliaklqana.
  7406 | D:8      | Reached XP level 10. HP: 53/61 MP: 13/13
  7460 | D:8      | Noticed Pikel
  7473 | D:8      | Noticed a two-headed ogre
  7476 | D:8      | Killed Pikel
  7477 | D:8      | Reached skill level 10 in Long Blades
  7488 | D:8      | Killed a two-headed ogre
  8105 | D:8      | Found a glowing silver altar of Zin.
  8603 | D:9      | Reached skill level 11 in Long Blades
  8958 | D:9      | Reached XP level 11. HP: 46/68 MP: 17/17
  8968 | D:9      | Reached ** piety under Dithmenos
  9517 | D:9      | Found a staircase to the Orcish Mines.
  9602 | D:10     | Entered Level 10 of the Dungeon
  9637 | D:10     | Noticed Josephine
  9656 | D:10     | Killed from afar by Josephine

Illustrated notes

Levels and vault maps discovered:
D:1:      heliophobic_arrival_dark_side_of_the_moon, layout_basic, serial_shops,
          shop_statue
D:2:      layout_basic
D:3:      layout_loops_cross, serial_shops, shop,
          hellmonk_ecumenical_altar_run_dry, saegor_snake_ambush, uniq_robin,
          uniq_pargi
D:4:      layout_gridville, kennysheep_little_box,
          nicolae_gozag_zags_fifth_avenue, serial_shops,
          nicolae_shop_industrial_runoff, minmay_unequal
D:5:      layout_basic, minmay_temple_entry_junction
D:6:      layout_gridville, tso_metal_star, gammafunk_temple_overflow_elements,
          minivault_24
D:7:      layout_rooms, mainiacjoe_overflow_surrounded_room, serial_shops, shop
D:8:      layout_basic, lemuel_tele_altar, nicolae_straight_to_the_point,
          uniq_pikel
D:9:      layout_cave_pools, minmay_orc_entry_guard_dogs, serial_park,
          serial_park_square1 [serial_park_minivault_5x5_2],
          serial_park_fountain, serial_park_tiny_1, serial_bayou_pond_b,
          hangedman_misty_isle
D:10:     layout_loops_corners, serial_shops, nicolae_shop_trees,
          minmay_the_grid_2x2 [minmay_the_grid_pillar_ring,
          minmay_the_grid_dragon_a, minmay_the_grid_small_cups,
          minmay_the_grid_prize_diamond_cup], uniq_josephine, uniq_sonja,
          uniq_lodul
Temple:   nicolae_temple_no_exploring_needed

Skill      XL: |  1  2  3  4  5  6  7  8  9 10 11 |
---------------+----------------------------------+-----
Long Blades    | 3 4 5 6 8 9 11 | 11.6
Armour         | 4 |  4.0
Dodging        | 1 2 3 4 6 7 |  7.7
Shields        | 4 5 6 7 |  7.8
Fighting       | 4 5 6 7 8 |  8.1
Spellcasting   | 1 3 4 |  4.1

Action                     |  1- 3 |  4- 6 |  7- 9 | 10-12 || total
---------------------------+-------+-------+-------+-------++-------
  Melee: Long sword        |    66 |   133 |   238 |       ||   437
         Kick              |    17 |    34 |    90 |    74 ||   215
         Peck              |     9 |    17 |    67 |    53 ||   146
         Scimitar          |       |       |    55 |   241 ||   296
         Great sword       |       |       |    15 |       ||    15
  Throw: Dart              |       |       |       |     1 ||     1
  Evoke: Wand              |       |       |     2 |     3 ||     5
    Use: Potion            |       |     1 |       |     2 ||     3
         Scroll            |       |       |     9 |     2 ||    11
   Stab: Distracted        |       |       |       |     1 ||     1
         Invisible         |       |       |       |     1 ||     1
 Armour: Scale mail        |    39 |    51 |       |       ||    90
         Ring mail         |       |    25 |   130 |       ||   155
         Leather armour    |       |    10 |       |       ||    10
         Steam dragon scal |       |       |     2 |    88 ||    90
  Dodge: Dodged            |    51 |    78 |   237 |   247 ||   613
  Block: Buckler           |    22 |    33 |    93 |    89 ||   237
   Form: Beast             |       |       |     1 |       ||     1
                           |       |       |     1 |       ||     1

Table legend: (Time is in decaauts)
 A = Elapsed time spent in this place.
 B = Non-inter-level travel time spent in this place.
 C = Inter-level travel time spent in this place.
 D = Time resting spent in this place.
 E = Time spent auto-exploring this place.
 F = Levels seen in this place.
 G = Mean time per level.
                   A        B        C        D        E       F      G
               +--------+--------+--------+--------+--------+-----+--------+
         Total |   9746 |   9045 |    701 |      0 |   7230 |  11 |  886.0 |
       Dungeon |   9725 |   9041 |    684 |      0 |   7230 |  10 |  972.5 |
        Temple |     20 |      3 |     17 |      0 |      0 |   1 |   20.0 |
               +--------+--------+--------+--------+--------+-----+--------+

Top non-repeatable levels by time:
     D:6: 1948 daAuts
     D:5: 1427 daAuts
     D:8: 1264 daAuts
     D:9: 1034 daAuts
     D:3: 918 daAuts
     D:4: 904 daAuts
     D:2: 865 daAuts
     D:1: 775 daAuts
     D:7: 530 daAuts
    D:10: 55 daAuts
  Temple: 20 daAuts
